 Dungeon Crawl Stone Soup version 0.20-a0-700-gbd4582c (console) character file.

13241 nht the Brawler (level 11, -8/101 HPs)
             Began as a Troll Fighter on Feb 20, 2017.
             Was a Priest of Ieoh Jian.
             Mangled by a minotaur
             ... wielding a +0 scythe of flaming
              (20 damage)
             ... in a labyrinth.
             The game lasted 00:23:49 (9538 turns).

nht the Brawler (Troll Fighter)                     Turns: 9538, Time: 00:23:50

Health: -8/101     AC:  5    Str: 29    XL:     11   Next: 73%
Magic:  10/10      EV:  9    Int:  7    God:    Ieoh Jian [***...]
Gold:   613        SH: 13    Dex:  9    Spells: 10/10 levels left

rFire    . . .     SeeInvis +     - Unarmed
rCold    . . .     Gourm    +   a - +0 robe
rNeg     . . .     Faith    .   e - +3 shield
rPois    .         Spirit   .   (helmet restricted)
rElec    +         Reflect  .   (no cloak)
rCorr    .         Harm     .   (gloves unavailable)
MR       .....                  (boots unavailable)
Stlth    +.........             (no amulet)
Regen    0.7/turn               C - +3 ring of intelligence
MPRegen  0.2/turn               o - ring of see invisible

@: no status effects
A: unfitting armour, claws 3, fast metabolism 3, gourmand, mutation resistance
1, regeneration 1, shaggy fur 1, electricity resistance, tough skin 2
a: Renounce Religion


You were in a labyrinth.
You worshipped Ieoh Jian.
Ieoh Jian was most pleased with you.
You were full.

You visited 3 branches of the dungeon, and saw 12 of its levels.
You also visited: Labyrinth and Sewer.

You collected 613 gold pieces.

Inventory:

Missiles
 h - 2 throwing nets
 j - 4 tomahawks (quivered)
Armour
 a - a +0 robe (worn)
 e - a +3 shield (worn)
Jewellery
 o - a ring of see invisible (left claw)
 A - an uncursed ring of ice
 C - a +3 ring of intelligence (right claw)
Wands
 c - a wand of random effects (19/48)
 r - a wand of confusion (20/48)
 w - a wand of lightning (7/15)
 J - a wand of random effects (20/48)
Scrolls
 g - a scroll of enchant weapon
 l - a scroll of fog
 m - a scroll of enchant armour
 n - 4 scrolls of magic mapping
 v - 3 scrolls of teleportation
 D - a scroll of blinking
 F - 3 scrolls of identify
 I - 2 scrolls of remove curse
Potions
 i - a potion of heal wounds
 k - 3 potions of curing
 q - 3 potions of flight
 s - 3 potions of haste
 t - 2 potions of resistance
 u - a potion of brilliance
 K - a potion of ambrosia
Books
 p - a book of Misfortune

   Spells                             Type                      Level
   a - Confusing Touch                Hexes                        1
   b - Confuse                        Hexes                        3
   c - Gell's Gravitas                Hexes/Translocation          3
   d - Petrify                        Transmutation/Earth          4
   e - Metabolic Englaciation         Hexes/Ice                    5
   f - Yara's Violent Unravelling     Hexes/Transmutation          5
Comestibles
 d - 6 bread rations
 f - 3 meat rations
 G - 14 royal jellies


   Skills:
 + Level 4.5 Fighting
 - Level 2.4 Dodging
 + Level 4.6 Shields
 - Level 16.7 Unarmed Combat


You had 10 spell levels left.
You didn't know any spells.

Dungeon Overview and Level Annotations

Branches:
Dungeon (8/15)             Temple (1/1) D:5            Lair (3/6) D:8
  Swamp (0/4) Lair:3       Spider (0/4) Lair:3

Altars:
Ashenzari
Cheibriados
Dithmenos
Elyvilon
Fedhas
Gozag
Hepliaklqana Ieoh Jian
Kikubaaqudgha
Makhleb
Nemelex Xobeh
Okawaru
Qazlal
Ru
Sif Muna
Trog
Uskayaw
Vehumet
Xom
Yredelemnul
Zin
The Shining One

Annotations:
D:8 dig


Innate Abilities, Weirdness & Mutations

You are too large for most types of armour.
You have claws for hands.
Your metabolism is lightning-fast.
You like to eat raw meat.
Your natural rate of healing is unusually fast.
You are covered in fur. (AC +1)
You have very tough skin. (AC +2)
You are somewhat resistant to further mutation.
You are resistant to electric shocks. (rElec)


Message History

The minotaur is moderately wounded.
You mangle the minotaur!!
The minotaur is severely wounded.
The minotaur closely misses you.
You lunge at the minotaur in a flurry of attacks!
You scratch the minotaur but do no damage.
The minotaur is severely wounded.
You barely miss the minotaur.
The minotaur furiously retaliates!
The minotaur headbutts you.
The minotaur is severely wounded.
The minotaur completely misses you. The minotaur gores you!
You lunge at the minotaur.
You closely miss the minotaur.
The minotaur furiously retaliates!
The minotaur headbutts you!
* * * LOW HITPOINT WARNING * * *
The minotaur is severely wounded.
You block the minotaur's attack. The minotaur gores you!!
* * * LOW HITPOINT WARNING * * *
Unknown command.
The minotaur hits you from afar with a scythe of flaming!!
You die... ▓. ██ █ █ ▓ █.█ . .█.█ ███ █ ▓..... ... █ ▓ .███ █████.█ █ ▓.█.█ █...█<█. .█.███ █.█ █H██

.█ █
█... ..
█.█.█.
. █
▓.█████
██ .█@█
▓... ..
█...█ █
▓█ █ █.
.█████.
. .█.█
.. .. █
▓.


████ █.█ █ █ ▓.. . █ .. .. █ ▓ █.█ ████ █ █ .. █.█ . █. ▓.███. ██ █ You could
see a minotaur.

Vanquished Creatures
  A hydra (Lair:3)
  The ghost of graki42 the Thaumaturge, a novice DEFE of Vehumet (D:7)
  An elephant (Lair:3)
  10 spiny frogs
  3 komodo dragons (Lair:1)
  The ghost of DEFE the Ducker, a novice DEAK of Lugonu (D:5)
  A queen bee (Lair:1)
  A hippogriff (Lair:3)
  5 blink frogs (Lair:1)
  The ghost of graki42 the Magician, an amateur DEFE (D:4)
  11 yaks
  A basilisk (D:8)
  2 hungry ghosts (D:7)
  Menkaure (D:6)
  Edmund (D:5)
  2 water moccasins
  Duvessa (D:6)
  5 porcupines
  A sky beast (D:7)
  A black bear (D:8)
  2 ogres (D:7)
  A wolf (Lair:2)
  4 crocodiles
  A big kobold (Sewer)
  8 bullfrogs
  Dowan (D:6)
  A scorpion (Lair:2)
  19 killer bees (Lair:1)
  7 howler monkeys
  4 crimson imps
  4 hounds
  2 orc priests
  5 worker ants
  5 orc wizards
  A hound zombie (D:5)
  2 howler monkey zombies
  3 river rats
  6 adders
  3 gnolls (D:5)
  3 shadow imps
  An adder skeleton (D:5)
  4 worms
  7 dart slugs
  4 leopard geckos
  30 orcs
  A bat zombie (D:1)
  4 giant cockroaches
  5 goblins
  9 hobgoblins
  7 jackals
  4 quokkas
  8 bats
  5 frilled lizards
  A giant cockroach zombie (D:1)
  A jackal skeleton (D:4)
  13 kobolds
  2 leopard gecko skeletons (D:4)
  A quokka skeleton (D:4)
  A quokka zombie (D:5)
  8 rats
249 creatures vanquished.

Vanquished Creatures (others)
  A plant (Lair:3)
1 creature vanquished.

Grand Total: 250 creatures vanquished

Notes
Turn   | Place    | Note
-------+----------+-------------------------------------------
     0 | D:1      | nht the Troll Fighter began the quest for the Orb.
     0 | D:1      | Reached XP level 1. HP: 22/22 MP: 0/0
   128 | D:1      | Reached XP level 2. HP: 29/29 MP: 1/1
   152 | D:1      | Reached skill level 3 in Unarmed Combat
   875 | D:2      | Reached XP level 3. HP: 35/36 MP: 2/2
  1211 | D:2      | Found a snail-covered altar of Cheibriados.
  1490 | D:2      | Reached skill level 4 in Unarmed Combat
  1727 | D:3      | Found a basalt altar of Yredelemnul.
  1781 | D:3      | Found a white marble altar of Elyvilon.
  1813 | D:3      | Reached XP level 4. HP: 44/44 MP: 3/3
  2030 | D:3      | Reached skill level 5 in Unarmed Combat
  2113 | D:3      | Found a glowing drain.
  2117 | D:3      | Reached XP level 5. HP: 50/50 MP: 4/4
  2123 | Sewer    | Entered a sewer
  2197 | Sewer    | Reached skill level 6 in Unarmed Combat
  2231 | Sewer    | Found a glowing silver altar of Zin.
  2429 | D:3      | Noticed a hand axe
  2429 | D:3      | Found a hide-covered altar of Uskayaw.
  2429 | D:3      | Noticed a dagger
  2434 | D:3      | You fall through a shaft for 2 floors!
  2434 | D:5      | Entered Level 5 of the Dungeon
  2453 | D:5      | Noticed DEFE's ghost (novice DEAK)
  2460 | D:5      | Reached XP level 6. HP: 41/59 MP: 5/5
  2473 | D:5      | Killed DEFE's ghost
  2473 | D:5      | Reached skill level 7 in Unarmed Combat
  2474 | D:5      | Reached XP level 7. HP: 45/66 MP: 6/6
  2610 | D:4      | Reached skill level 8 in Unarmed Combat
  3464 | D:4      | Noticed graki42's ghost (amateur DEFE)
  3476 | D:4      | Killed graki42's ghost
  3476 | D:4      | Reached skill level 9 in Unarmed Combat
  3972 | D:5      | Noticed Edmund
  3980 | D:5      | Killed Edmund
  3980 | D:5      | Reached XP level 8. HP: 72/74 MP: 7/7
  4034 | D:5      | Found a staircase to the Ecumenical Temple.
  4144 | Temple   | Entered the Ecumenical Temple
  4228 | D:5      | Found a hazy altar of Hepliaklqana.
  4456 | D:5      | Reached skill level 10 in Unarmed Combat
  4734 | D:6      | Found an ornate altar of the Ieoh Jian Council.
  4862 | D:6      | Noticed Menkaure
  4872 | D:6      | Killed Menkaure
  4950 | D:6      | Noticed Duvessa
  4951 | D:6      | Noticed Dowan
  4959 | D:6      | Killed Duvessa
  4977 | D:6      | Killed Dowan
  5209 | D:6      | Found a shimmering altar of Xom.
  5220 | D:6      | Reached skill level 11 in Unarmed Combat
  5263 | D:6      | Found a glowing silver altar of Zin.
  5618 | D:7      | Noticed graki42's ghost (novice DEFE)
  5636 | D:6      | Became a worshipper of the Ieoh Jian Council
  5655 | D:7      | Killed graki42's ghost
  5655 | D:7      | Reached skill level 12 in Unarmed Combat
  5655 | D:7      | Reached XP level 9. HP: 78/80 MP: 8/8
  5791 | D:7      | Reached skill level 13 in Unarmed Combat
  5805 | D:7      | Found a deep blue altar of Sif Muna.
  5924 | D:7      | Found a sacrificial altar of Ru.
  5959 | D:7      | Found a shattered altar of Ashenzari.
  5960 | D:7      | Found a shadowy altar of Dithmenos.
  6171 | D:8      | Reached * piety under Ieoh Jian
  6190 | D:8      | Reached XP level 10. HP: 40/88 MP: 9/9
  6277 | D:8      | Reached skill level 14 in Unarmed Combat
  6301 | D:8      | HP: 2/88 [porcupine (13)]
  6322 | D:8      | Gained mutation: You are resistant to electric shocks. (rElec) [potion of mutation]
  6322 | D:8      | Gained mutation: You are somewhat resistant to further mutation. [potion of mutation]
  6416 | D:8      | Found a staircase to the Lair.
  7152 | Lair:1   | Entered Level 1 of the Lair of Beasts
  7171 | Lair:1   | Reached skill level 15 in Unarmed Combat
  7175 | Lair:1   | Noticed a spiny frog
  7244 | Lair:1   | Killed a spiny frog
  7244 | Lair:1   | Reached ** piety under Ieoh Jian
  7567 | Lair:1   | Found a stormy altar of Qazlal.
  7676 | Lair:1   | Noticed a spiny frog
  7681 | Lair:1   | Killed a spiny frog
  7809 | Lair:1   | Reached skill level 16 in Unarmed Combat
  7978 | Lair:1   | Reached XP level 11. HP: 94/94 MP: 10/10
  8752 | Lair:2   | Reached *** piety under Ieoh Jian
  8949 | Lair:3   | Noticed a four-headed hydra
  8962 | Lair:3   | Killed a four-headed hydra
  9034 | Lair:3   | Found a staircase to the Swamp.
  9040 | Lair:3   | Found a labyrinth entrance.
  9048 | Lab      | Entered a labyrinth
  9527 | Lab      | Noticed a minotaur
  9538 | Lab      | Mangled by a minotaur

Vault maps used:
D:1:      saegor_arrival_fortress, minmay_quantized
D:2:      kennysheep_slug_shrine, first_bread, roderic_greek_sauvastika
D:3:      dancing_weapons_uskayaw, overflow_temple_1_default, marbit_many_paths,
          gup_sewer_entry_bubbles, kennysheep_another_room,
          kennysheep_pointless_box, corexii_hall_statues_l
D:5:      overflow_temple_1_default, minmay_temple_entry_statues_pillars,
          uniq_edmund
D:6:      zin_academy, nicolae_overflow_hidden_temple, xom_butterflies,
          uniq_duvessa, uniq_menkaure
D:7:      nicolae_overflow_crystal_walls, overflow_temple_1_default,
          gammafunk_temple_overflow_pools
D:8:      minmay_lair_entry_grove, due_unseen_surprise
Temple:   eino_wide_crystal_templ
Lair:1:   special_room, basic_altar, grunt_megastairs_5
Lair:2:   beast_lair_carwin_7, infiniplex_staircase_pool_2
Lair:3:   wad_woods_settlement, swamp_mist_pool, dummy_spider_entry,
          lab_entry_generic
Sewer:    sewer_kobolds

Skill      XL: |  1  2  3  4  5  6  7  8  9 10 11 |
---------------+----------------------------------+-----
Unarmed Combat | 3 4 5 6 7 9 12 13 16 | 16.7
Fighting       | 4 |  4.5
Shields        | 4 |  4.6
Dodging        | |  2.4

Action                   |  1- 3 |  4- 6 |  7- 9 | 10-12 || total
-------------------------+-------+-------+-------+-------++-------
Melee: Unarmed           |   117 |   101 |   279 |   306 ||   803
Evoke: Wand              |       |       |       |     5 ||     5
  Use: Scroll            |       |     7 |       |    14 ||    21
       Potion            |       |     1 |     2 |    11 ||    14
 Stab: Sleeping          |     3 |     1 |       |       ||     4
       Paralysed         |       |       |       |     4 ||     4
  Eat: Chunk             |    22 |     7 |    49 |    28 ||   106
Armor: Robe              |    33 |    29 |    46 |    15 ||   123
       Skin              |       |     4 |       |     7 ||    11
Dodge: Dodged            |    35 |    28 |    49 |    60 ||   172
Block: Shield            |    40 |    46 |   124 |   121 ||   331
